 Dungeon Crawl Stone Soup version 0.26-a0-466-g989023bd0d (webtiles) character file.

Game seed: 13542738226307355674

2 Apogee the Sneak (level 1, 0/9 HPs)
             Began as a Spriggan Enchanter on Aug 1, 2020.
             Slain by a goblin
             ... wielding a +0 club
              (2 damage)
             ... on level 1 of the Dungeon.
             The game lasted 00:00:48 (92 turns).

Apogee the Sneak (Spriggan Enchanter)                 Turns: 92, Time: 00:00:49

Health: 0/9        AC:  2    Str:  4    XL:     1   Next: 33%
Magic:  1/5        EV: 18    Int: 16    God:
Gold:   0          SH:  0    Dex: 16    Spells: 4/5 levels left

rFire    . . .     SeeInvis +   a - +1 dagger
rCold    . . .     Faith    .   (shield restricted)
rNeg     . . .     Spirit   .   b - +0 robe
rPois    .         Reflect  .   (helmet restricted)
rElec    .         Harm     .   (no cloak)
rCorr    .                      (gloves unavailable)
MR       .....                  (boots unavailable)
Stlth    +++.......             (no amulet)
HPRegen  0.03/turn              (no ring)
MPRegen  0.09/turn              (no ring)

@: very quick
A: very small, unfitting armour, see invisible, speed 3
a: no special abilities


You were on level 1 of the Dungeon.
You visited 1 branch of the dungeon, and saw 1 of its levels.

Inventory:

Hand Weapons
 a - a +1 dagger (weapon)
Armour
 b - a +0 robe (worn)


   Skills:
 + Level 1.3 Short Blades
 - Level 3.0 Dodging
 + Level 4.6 Stealth
 - Level 2.6 Spellcasting
 - Level 3.6 Hexes


You had 4 spell levels left.
You knew the following spells:

 Your Spells              Type           Power        Failure   Level
a - Corona                Hex            ##.....      4%          1

Your spell library contained the following spells:

 Spells                   Type           Power        Failure   Level
 Confusing Touch          Hex            ##......     13%         3
 Tukima's Dance           Hex            ##......     13%         3
 Ensorcelled Hibernation  Hex/Ice        #.....       14%         2
 Dazzling Flash           Conj/Hex       #.....       28%         3


Dungeon Overview and Level Annotations

Branches:
Dungeon (1/15)

Altars:


Innate Abilities, Weirdness & Mutations

You are very small and have problems with some larger weapons.
You are too small for most types of armour.
You have supernaturally acute eyesight. (SInv)
You cover ground extremely quickly.


Message History

A leopard gecko is nearby!
A leopard gecko is nearby!
A goblin and a kobold come into view.
The goblin shouts!
Found a stone staircase leading down.
A bat comes into view.
Found 22 stones.
You closely miss the leopard gecko.
The leopard gecko completely misses you.
Aim: a leopard gecko (chance to defeat MR: 67%)
The leopard gecko is outlined in light.
You hit the leopard gecko. The leopard gecko barely misses you.
You hit the leopard gecko.
The leopard gecko completely misses you.
The bat hits you. The bat hits you but does no damage. The bat hits you.
The bat closely misses you.
The leopard gecko hisses menacingly.
Aim: a leopard gecko (heavily wounded, softly glowing, chance to defeat MR: 67%)
The bat is outlined in light.
The bat completely misses you. The bat misses you.
You closely miss the bat.
The leopard gecko stops glowing.
The bat closely misses you. x2
You closely miss the bat. The bat barely misses you.
The leopard gecko misses you.
Aim: a leopard gecko (moderately wounded, chance to defeat MR: 67%)
The leopard gecko is outlined in light.
The leopard gecko closely misses you.
You barely miss the leopard gecko. The leopard gecko misses you.
You hit the leopard gecko but do no damage.
The leopard gecko closely misses you.
You hit the leopard gecko. The leopard gecko closely misses you.
You closely miss the leopard gecko. The leopard gecko misses you.
The leopard gecko bites you.
You hit the leopard gecko. The leopard gecko bites you.
* * * LOW HITPOINT WARNING * * *
You closely miss the leopard gecko.
The bat stops glowing.
The leopard gecko misses you.
You hit the leopard gecko.
You kill the leopard gecko!
The bat closely misses you. The bat completely misses you.
You hit the bat. The bat barely misses you.
Aim: a goblin, wielding a +0 club (chance to defeat MR: 67%)
The goblin barely resists.
The bat hits you.
* * * LOW HITPOINT WARNING * * *
Aim: a goblin, wielding a +0 club (chance to defeat MR: 67%)
The goblin barely resists.
The bat misses you.
You miss the bat. The bat closely misses you.
You hit the goblin. The goblin hits you with a +0 club.
You die...

### #####8##### # #
###...§.§§§§## #.############
.###.....§§§§§§§.
.(>..........##.##.)..####§§.§§.
#........!##...##...### ###§§..
#..........#..###..## ##...
..............##..## ##..
.#........)#.bg@..# #..
#........##..##.## ##.
..............##.# #.
.#########.#####.# #. #.## #.##
##. #.#..##..# #.. K#......##
##.. #.###...## ##... ##...###
###§.§.


You could see a goblin and a bat.

Vanquished Creatures
  A leopard gecko (D:1)
  A kobold (D:1)
2 creatures vanquished.

Notes
Turn   | Place    | Note
-------+----------+-------------------------------------------
     0 | D:1      | Apogee the Spriggan Enchanter began the quest for the Orb.
     0 | D:1      | Reached XP level 1. HP: 9/9 MP: 5/5
    92 | D:1      | Slain by a goblin

Illustrated notes

Levels and vault maps discovered:
D:1:      heliophobic_arrival_dark_side_of_the_moon, layout_loops_cross,
          minmay_misc_feat_nine_boxes, serial_park_tiny_pond,
          kennysheep_pointless_box, kennysheep_crisscross

Action                   || total
-------------------------++-------
Melee: Dagger            ||    16
 Cast: Corona            ||     5
 Stab: Sleeping          ||     1
Armor: Robe              ||     1
Dodge: Dodged            ||    21

Table legend: (Time is in decaauts)
 A = Elapsed time spent in this place.
 B = Non-inter-level travel time spent in this place.
 C = Inter-level travel time spent in this place.
 D = Time resting spent in this place.
 E = Time spent auto-exploring this place.
 F = Levels seen in this place.
 G = Mean time per level.
                   A        B        C        D        E       F      G
               +--------+--------+--------+--------+--------+-----+--------+
         Total |     62 |     62 |      0 |      0 |     34 |   1 |   62.0 |
       Dungeon |     62 |     62 |      0 |      0 |     34 |   1 |   62.0 |
               +--------+--------+--------+--------+--------+-----+--------+

Top non-repeatable levels by time:
     D:1: 62 daAuts
